 Dungeon Crawl Stone Soup version 0.21.1-1-g345015f (webtiles) character file.

362427 spiff the Earth Mage (level 22, -1/132 HPs)
             Began as a Gargoyle Earth Elementalist on June 25, 2018.
             Was the Champion of Kikubaaqudgha.
             Slain by a deep troll (16 damage)
             ... on level 2 of the Depths on June 29, 2018.
             The game lasted 03:46:23 (60948 turns).

spiff the Earth Mage (Gargoyle Earth Elementalist) Turns: 60948, Time: 03:46:23

Health: -1/132     AC: 42    Str:  8    XL:     22   Next: 47%
Magic:  38/50      EV: 17    Int: 29    God:    Kikubaaqudgha [******]
Gold:   864        SH:  4    Dex: 11    Spells: 3/51 levels left

rFire    + + .     SeeInvis .   P - +9 trident (pain)
rCold    + + .     Gourm    +   v - +0 buckler
rNeg     + . .     Faith    .   Y - +4 ring mail "Aqaun" {rPois rF+ Str-5 Int+5}
rPois    ∞         Spirit   .   W - +2 helmet "Lunefror" {MP+9}
rElec    +         Reflect  .   D - scarf {repulsion}
rCorr    .         Harm     .   y - +3 pair of gauntlets of War {Slay+5}
MR       ++...                  A - +2 pair of boots "Imekligu" {rPois Stlth+}
Stlth    ++........             M - amulet "Faodetwy" {Gourm rF+ rC++ MR+}
HPRegen  0.32/turn              w - +5 ring of evasion
MPRegen  0.32/turn              m - +4 ring of protection

@: flying, studying Conjurations, repel missiles
A: big wings, negative energy resistance 1, electricity resistance, unbreathing,
petrification resistance, rot immunity, AC +16
}: 2/15 runes: serpentine, barnacled
a: Stop Flying, Receive Corpses, Torment, Renounce Religion


You were on level 2 of the Depths.
You worshipped Kikubaaqudgha.
Kikubaaqudgha was exalted by your worship.
You were very full.

You visited 8 branches of the dungeon, and saw 39 of its levels.
You visited the Abyss 1 time.
You also visited: Labyrinth, Ossuary and Bailey.

You collected 4712 gold pieces.
You spent 3848 gold pieces at shops.

Inventory:

Hand Weapons
 j - the +4 trident of Eqegets {drain, rPois rN+ Str-4}
   (You found it on level 1 of the Depths)

   A truly terrible weapon, it drains the life of those it strikes.
   It affects your strength (-4).
   It protects you from poison.
   It protects you from negative energy.
 P - a +9 trident of pain (weapon)
 U - a +3 demon trident of freezing
Missiles
 O - 859 stones (quivered)
Armour
 v - a +0 buckler (worn)
 y - the +3 pair of gauntlets of War (worn) {Slay+5}
   (You acquired it on level 1 of the Snake Pit)

   It affects your accuracy and damage with ranged weapons and melee attacks
   (+5).
 A - the +2 pair of boots "Imekligu" (worn) {rPois Stlth+}
   (You bought it in a shop on level 2 of the Orcish Mines)

   It protects you from poison.
   It makes you more stealthy.
 D - a scarf of repulsion (worn)
 W - the +2 helmet "Lunefror" (worn) {MP+9}
   (You found it in a labyrinth)

   It affects your magic capacity (+9).
 Y - the +4 ring mail "Aqaun" (worn) {rPois rF+ Str-5 Int+5}
   (You found it on level 5 of the Lair of Beasts)

   It affects your strength (-5).
   It affects your intelligence (+5).
   It protects you from fire.
   It protects you from poison.
Jewellery
 m - a +4 ring of protection (right hand)
 o - an uncursed ring of positive energy
 w - a +5 ring of evasion (left hand)
 J - an uncursed amulet of faith {unknown}
 M - the amulet "Faodetwy" (around neck) {Gourm rF+ rC++ MR+}
   (You found it on level 6 of the Lair of Beasts)

   [amulet of the gourmand]

   It allows you to eat raw meat even when not hungry.
   It protects you from fire.
   It greatly protects you from cold.
   It affects your resistance to hostile enchantments.
 N - an uncursed ring of protection from magic
 X - a +3 ring of intelligence {unknown}
Wands
 c - a wand of disintegration (23)
 g - a wand of polymorph (37)
 k - a wand of flame (32)
 q - a wand of digging (22)
 s - a wand of acid (18)
 z - a wand of clouds (4)
 L - a wand of scattershot (8)
 S - a wand of iceblast (14)
Scrolls
 b - 25 scrolls of identify
 f - 5 scrolls of amnesia
 p - 2 scrolls of summoning
 r - a scroll of silence
 x - 3 scrolls of immolation
 B - 20 scrolls of remove curse
 C - 10 scrolls of teleportation
 E - 2 scrolls of enchant armour
 F - a scroll of blinking
 I - 5 scrolls of fog
 Q - a scroll of magic mapping
 R - 2 scrolls of torment
Potions
 e - a potion of invisibility
 h - 16 potions of curing
 i - 10 potions of brilliance
 l - a potion of mutation
 n - 2 potions of resistance
 t - 5 potions of might
 u - 7 potions of haste
 G - 4 potions of agility
 K - a potion of cancellation
 T - a potion of berserk rage
 Z - 2 potions of heal wounds
Books
 a - a manual of Conjurations
Miscellaneous
 H - a phantom mirror
Comestibles
 d - 61 rations


   Skills:
 - Level 12.0 Fighting
 - Level 14.0 Polearms
 - Level 7.0 Armour
 - Level 7.0 Dodging
 - Level 2.1 Stealth
 - Level 4.0 Shields
 - Level 15.0 Spellcasting
 + Level 17.0 Conjurations
 - Level 16.8 Necromancy
 - Level 2.0 Translocations
 - Level 3.0 Transmutations
 + Level 19.2 Earth Magic


You had 3 spell levels left.
You knew the following spells:

 Your Spells              Type           Power        Failure   Level  Hunger
a - Sandblast             Erth           ######       0%          1    None
b - Stone Arrow           Conj/Erth      ######       0%          3    None
c - Lee's Rapid Deconstr  Erth           #######...   1%          5    None
d - Animate Skeleton      Necr           N/A          0%          1    None
e - Petrify               Tmut/Erth      ######..     1%          4    None
f - Regeneration          Chrm/Necr      ######....   1%          3    None
g - Agony                 Necr           #######.     1%          5    None
h - Iron Shot             Conj/Erth      #######...   1%          6    ###....
i - Bolt of Draining      Conj/Necr      #######...   1%          5    None
j - Animate Dead          Necr           N/A          1%          4    None
k - Shatter               Erth           #######...   83%         9    #######
l - Blink                 Tloc           N/A          3%          2    None


Dungeon Overview and Level Annotations

Branches:
Dungeon (15/15)            Temple (1/1) D:4            Lair (6/6) D:9
 Shoals (4/4) Lair:3        Snake (4/4) Lair:3        Slime (0/5) Lair:5
    Orc (2/2) D:12            Elf (0/3) Orc:2        Vaults (4/5) D:14
  Crypt (0/3) Vaults:2     Depths (3/5) D:15

Altars:
Ashenzari
Cheibriados
Elyvilon
Fedhas
Gozag
Hepliaklqana
Kikubaaqudgha
Makhleb
Nemelex Xobeh
Okawaru
Qazlal
Ru
Sif Muna
Uskayaw
Vehumet
Wu Jian
Xom
Yredelemnul
The Shining One

Shops:
D:3 *   D:5 *   D:10 }   D:11 *   Orc:2 [}?*   Shoals:1 (*![   Shoals:3 }}=[
Snake:2 =}=   Snake:3 :   Depths:1 *

Portals:
Hell: Depths:1 Depths:2 Depths:3
Abyss: Depths:1
Pandemonium: Orc:2 Depths:3
Ziggurat: Depths:2

Annotations:
D:6 exclusion: deep elf mage
Lair:5 exclusion: 3 oklob plants
Vaults:3 exclusion: downstairs


Innate Abilities, Weirdness & Mutations

You are resistant to torment.
Your stone body is resilient. (AC +16)
You are immune to poison.
Your large and strong wings let you fly indefinitely.
You resist negative energy. (rN+)
You are resistant to electric shocks. (rElec)
You can survive without breathing.
You are immune to petrification.
You are immune to rotting.


Message History

Aiming: Iron Shot
Press: ? - help, Shift-Dir - straight line, f - deep troll
Aim: a deep troll (moderately wounded, fast, unusually strong)
The iron shot misses the deep troll.
The deep troll completely misses you. The deep troll barely misses you.
The deep troll claws you but does no damage.
The deep troll bites you but does no damage.
You block the deep troll's attack.
The deep troll claws you but does no damage.
Casting: Iron Shot
Confirm with . or Enter, or press ? or * to list all spells.
Aiming: Iron Shot
Press: ? - help, Shift-Dir - straight line, f/p - deep troll
Aim: a deep troll (moderately wounded, fast, unusually strong)
The iron shot hits the deep troll.
The deep troll is almost dead.
Your skin stops crawling.
The deep troll bites you!
You die...
Kikubaaqudgha rasps: "You have failed me!
Welcome... oblivion!"

### #########################.#
.......Z...........Z=Z....#
#########################Z#
.................# #.#
...###...........# #Z#
...###..........@########.#
...........#.####T........#
...........#.##..........######
..............#....>..........#
.........................###Z##
....####.................#.#.#
................#.#.######.#.#
....####.......>..#........#.#
....#.............########.#.#


You could see a deep troll.

Vanquished Creatures
  Bai Suzhen (Snake:4)
  A tentacled monstrosity (Depths:2)
  3 sphinxes
  A titan (Depths:2)
  Kirke (Shoals:4)
  8 nagarajas
  Ilsuiw (Shoals:4)
  5 fire giants
  5 frost giants
  9 vault wardens
  An orc warlord (D:7)
  3 ghouls
  8 ironheart preservers
  11 stone giants
  12 very ugly things
  A vampire knight (Depths:2)
  2 entropy weavers (Vaults:4)
  Azrael (D:13)
  4 spark wasps (Depths:1)
  3 merfolk javelineers
  A quicksilver dragon zombie (Depths:2)
  A minotaur (Lab)
  A deep elf death mage (Vaults:2)
  7 yaktaur captains
  6 merfolk impalers
  Snorg (D:13)
  4 ettins
  Josephine (Orc:2)
  A deep elf high priest (Depths:2)
  2 great orbs of eyes
  3 rakshasas (Depths:2)
  Fannar (D:12)
  The ghost of sking99 the Slinger, a journeyman HaHu of Okawaru (Lair:1)
  6 fire dragons
  12 naga warriors
  9 ice dragons
  A hydra (shapeshifter) (Depths:2)
  7 hydras
  2 vault guards
  A spriggan air mage (Depths:2)
  3 catoblepae (Lair:6)
  6 centaur warriors
  3 merfolk avatars
  19 anacondas
  A catoblepas (shapeshifter) (Vaults:4)
  5 death knights
  26 two-headed ogres
  3 satyrs
  11 death yaks
  4 merfolk aquamancers
  2 tengu warriors
  An alligator (Lair:5)
  5 deep troll shamans
  2 deep troll earth magi
  7 naga sharpshooters
  2 vampire magi
  5 orc high priests
  A dancing weapon (D:13)
  10 ogre magi
  6 shock serpents
  2 shock serpents (shapeshifter)
  Urug (D:13)
  Sonja (Lair:4)
  10 hell knights
  3 deep elf knights (Vaults:4)
  An iron troll (Depths:3)
  The ghost of sking99 the Basher, a novice MiBe of Trog (D:5)
  A salamander mystic (Snake:3)
  A sixfirhy (Orc:1)
  2 skeletal warriors (Vaults:4)
  A storm dragon skeleton (Vaults:4)
  5 glowing orange brains
  12 deep trolls
  4 unseen horrors
  2 flayed ghosts
  2 infernal demonspawn
  2 cherubim (D:14)
  6 sea snakes
  5 wizards
  4 naga ritualists
  A gelid demonspawn (Orc:2)
  A swamp dragon (shapeshifter) (Depths:1)
  2 deep elf archers
  6 necromancers
  10 orc knights
  A phantasmal warrior (D:14)
  4 mana vipers
  6 ironbrand convokers
  13 harpies
  A tengu skeleton (Vaults:4)
  9 fauns
  11 orc sorcerers
  4 wolf spiders
  25 ugly things
  A shining eye (shapeshifter) (Vaults:2)
  A stone giant zombie (Depths:1)
  A frost giant zombie (Vaults:4)
  8 cyclopes
  A sphinx skeleton (Vaults:2)
  10 salamanders
  3 deep elf magi
  27 black mambas
  4 merfolk sirens
  12 guardian serpents
  14 manticores
  A rust devil (Orc:2)
  4 water nymphs
  2 frost giant skeletons
  A guardian serpent (shapeshifter) (Vaults:2)
  2 elephants (Lair:5)
  6 vault sentinels
  11 spiny frogs
  A black mamba (shapeshifter) (Depths:1)
  20 naga magi
  A storm dragon simulacrum (Depths:2)
  2 orange demons
  A yaktaur zombie (Vaults:2)
  8 komodo dragons
  A rime drake (Lair:1)
  33 yaktaurs
  An elf skeleton (Depths:1)
  5 freezing wraiths
  A hellwing (Orc:1)
  2 red devils
  A tengu conjurer (Depths:2)
  A queen bee (shapeshifter) (Depths:1)
  8 trolls
  A jumping spider (Vaults:2)
  A polar bear (Lair:2)
  A wind drake (shapeshifter) (Vaults:3)
  Grinder (D:3)
  15 merfolk
  3 hornets
  4 wind drakes
  A jumping spider (shapeshifter) (Vaults:1)
  9 snapping turtles
  5 slime creatures
  7 dream sheep (Lair:4)
  5 blink frogs
  5 hippogriffs
  2 air elementals (Depths:2)
  A redback (shapeshifter) (Vaults:2)
  2 ettin skeletons
  A shadow (D:11)
  6 water elementals
  A spriggan (shapeshifter) (Vaults:1)
  11 wraiths
  4 tarantellas
  Sigmund (D:3)
  2 redbacks (Vaults:4)
  2 vampires
  A ynoxinul (Orc:2)
  54 yaks
  3 fire elementals (D:13)
  A human (D:12)
  2 basilisks (Lair:3)
  A hungry ghost (D:14)
  13 vampire mosquitoes
  3 wargs
  42 nagas
  2 soldier ants (shapeshifter)
  2 acid dragons
  A naga (shapeshifter) (Vaults:2)
  4 hell hounds
  A deep troll skeleton (Vaults:2)
  A porcupine (Lair:5)
  2 sky beasts
  5 water moccasins
  4 ice beasts
  A black bear (shapeshifter) (Vaults:3)
  A black bear (D:10)
  An eye of draining (D:15)
  7 phantoms
  A necrophage (D:13)
  38 orc warriors
  3 wolves (Lair:1)
  27 ogres
  26 boggarts
  12 centaurs
  9 crocodiles
  3 big kobolds
  A gnoll sergeant (D:7)
  16 bullfrogs
  A wyvern skeleton (D:3)
  3 scorpions
  21 killer bees
  3 wights (D:9)
  A howler monkey (D:12)
  3 electric eels
  4 crimson imps
  4 bullfrog zombies
  5 centaur zombies
  2 quasits
  9 jellies
  5 hounds
  5 centaur skeletons
  31 orc priests
  30 orc wizards
  A bullfrog skeleton (D:11)
  Terence (D:3)
  Jessica (D:2)
  2 iguanas
  11 worker ants
  A killer bee zombie (D:9)
  A hound skeleton (D:5)
  9 mummies
  2 worker ant zombies
  19 gnolls
  9 adders
  A howler monkey skeleton (D:6)
  3 shadow imps
  An ooze (D:3)
  An adder zombie (D:8)
  An adder skeleton (D:9)
  2 dart slugs (D:1)
  7 leopard geckos
  106 orcs
  A gnoll zombie (Ossuary)
  11 goblins
  10 hobgoblins
  10 jackals
  38 kobolds
  2 quokkas
  9 bats
  5 frilled lizards
  2 hobgoblin zombies (Ossuary)
  3 kobold zombies (Ossuary)
  2 orc zombies (Ossuary)
  11 rats
1415 creatures vanquished.

Vanquished Creatures (collateral kills)
  4 juggernauts (Depths:2)
  A lich (Depths:2)
  2 fire giants (Depths:2)
  A nagaraja (Snake:4)
  A vault warden (Vaults:4)
  A frost giant (Depths:2)
  3 very ugly things
  An entropy weaver (Vaults:2)
  A stone giant (Depths:2)
  2 vampire knights (Depths:2)
  The ghost of kalagan the Eclecticist, a journeyman DEFE of Qazlal (Shoals:1)
  2 ettins
  2 merfolk impalers (Shoals:4)
  2 fire dragons (Depths:2)
  3 naga warriors
  A spriggan air mage (Depths:2)
  A hell beast (Depths:3)
  4 two-headed ogres
  2 ice dragons
  5 anacondas
  An alligator (shapeshifter) (Depths:2)
  A deep troll shaman (Depths:2)
  2 merfolk aquamancers
  3 death yaks
  A spriggan berserker (Depths:2)
  An orc high priest (Orc:2)
  3 naga sharpshooters
  An iron troll (Depths:2)
  A skeletal warrior (Vaults:3)
  2 sea snakes (Shoals:4)
  2 necromancers
  An ironbrand convoker (Vaults:1)
  An orc knight (Vaults:1)
  A mana viper (Snake:4)
  2 fauns
  5 ugly things
  3 salamanders
  A wolf spider (Vaults:2)
  3 manticores
  2 merfolk sirens
  An elephant (Lair:5)
  6 black mambas
  4 naga magi
  4 guardian serpents (Snake:4)
  3 spiny frogs
  A komodo dragon (Lair:2)
  2 yaktaurs
  2 ice devils
  2 merfolk (Shoals:4)
  A polar bear (Lair:5)
  A blink frog (Lair:4)
  A snapping turtle (Shoals:3)
  4 hippogriffs
  A water elemental (Shoals:2)
  A wraith (Vaults:1)
  12 yaks
  A warg (Orc:1)
  9 nagas
  3 water moccasins
  5 porcupines
  3 orc warriors (Orc:2)
  A phantom (D:11)
  3 wolves
  4 ogres
  2 crocodiles
  A big kobold (D:11)
  A human skeleton (Vaults:2)
  5 bullfrogs
  A scorpion (D:10)
  An electric eel (Lair:3)
  An orc wizard (Orc:1)
  A bullfrog skeleton (D:13)
  An iguana (D:10)
  9 orcs
  A hobgoblin (Bailey)
  A jackal (D:5)
  2 kobolds (D:11)
  5 fungi
  2 plants (Shoals:1)
186 creatures vanquished.

Vanquished Creatures (others)
  An ice dragon (Depths:2)
  The ghost of RottenKnight the Summoner, a novice MfSu of Sif Muna (D:8)
  3 humans (Shoals:4)
  A naga (Snake:4)
  A killer bee (D:8)
  A jelly (D:13)
  An orc (Orc:1)
  A bush (Lair:5)
  8 fungi
  18 plants
36 creatures vanquished.

Grand Total: 1637 creatures vanquished

Notes
Turn   | Place    | Note
-------+----------+-------------------------------------------
     0 | D:1      | spiff the Gargoyle Earth Elementalist began the quest for the Orb.
     0 | D:1      | Reached XP level 1. HP: 10/10 MP: 3/3
     6 | D:1      | Noticed a water moccasin
     6 | D:1      | Noticed a hound
     6 | D:1      | Noticed a polar bear
   176 | D:1      | Reached XP level 2. HP: 16/16 MP: 5/5
   309 | D:1      | Reached skill level 1 in Fighting
   357 | D:1      | Reached skill level 4 in Earth Magic
   428 | D:1      | Reached XP level 3. HP: 12/20 MP: 1/6
   556 | D:1      | Learned a level 3 spell: Stone Arrow
   930 | D:2      | Noticed Jessica
   934 | D:2      | Killed Jessica
   934 | D:2      | Reached XP level 4. HP: 26/26 MP: 4/8
  1667 | D:3      | Noticed Grinder
  1727 | D:3      | Noticed Terence
  1740 | D:3      | Killed Terence
  1927 | D:3      | Found an opulent altar of Gozag.
  1929 | D:3      | Found Gozag's Platinum Reserve.
  2026 | D:3      | Reached skill level 5 in Earth Magic
  2026 | D:3      | Reached XP level 5. HP: 7/32 MP: 1/9
  2321 | D:3      | Learned a level 5 spell: Lee's Rapid Deconstruction
  2328 | D:3      | Noticed Sigmund
  2337 | D:3      | Killed Sigmund
  2337 | D:3      | Reached XP level 6. HP: 32/38 MP: 5/11
  2449 | D:3      | Killed Grinder
  2449 | D:3      | Reached skill level 6 in Earth Magic
  2449 | D:3      | Reached XP level 7. HP: 37/44 MP: 0/13
  3424 | D:4      | Found a deep blue altar of Sif Muna.
  3488 | D:4      | Reached skill level 5 in Fighting
  3636 | D:4      | Found a glowing golden altar of the Shining One.
  3804 | D:4      | Found a staircase to the Ecumenical Temple.
  3845 | Temple   | Entered the Ecumenical Temple
  3952 | Temple   | Became a worshipper of Kikubaaqudgha
  4048 | D:5      | Entered Level 5 of the Dungeon
  4145 | D:5      | Reached skill level 7 in Earth Magic
  4218 | D:5      | Reached skill level 5 in Spellcasting
  4218 | D:5      | Reached XP level 8. HP: 49/49 MP: 9/15
  4780 | D:5      | Reached * piety under Kikubaaqudgha
  4780 | D:5      | Identified Kikubaaqudgha's Handbook of Black Arts (Kikubaaqudgha gifted it to you on level 5 of the Dungeon)
  4780 | D:5      | Received a gift from Kikubaaqudgha
  4792 | D:5      | Learned a level 1 spell: Animate Skeleton
  4794 | D:5      | Noticed sking99's ghost (novice MiBe)
  4799 | D:5      | Killed sking99's ghost
  4799 | D:5      | Reached skill level 1 in Polearms
  5119 | D:5      | Reached XP level 9. HP: 55/55 MP: 14/17
  5191 | D:5      | Reached skill level 8 in Earth Magic
  5410 | D:5      | Found a hide-covered altar of Uskayaw.
  5512 | D:5      | Found a snail-covered altar of Cheibriados.
  5525 | D:5      | Found Meytaacvu's General Store.
  5745 | D:6      | Reached skill level 1 in Necromancy
  5842 | D:6      | Found a blossoming altar of Fedhas.
  5845 | D:6      | Found a radiant altar of Vehumet.
  5921 | D:6      | Found a sparkling altar of Nemelex Xobeh.
  5932 | D:6      | Cast into level 1 of the Abyss (gnoll)
  5952 | D:6      | Escaped the Abyss
  6013 | D:6      | Found a sand-covered staircase.
  6021 | Ossuary  | Entered an ossuary
  6094 | Ossuary  | Reached ** piety under Kikubaaqudgha
  7086 | D:6      | Noticed a deep elf mage
  7262 | D:7      | Learned a level 4 spell: Petrify
  7370 | D:7      | Reached *** piety under Kikubaaqudgha
  7370 | D:7      | Identified Kikubaaqudgha's Handbook of Darkness (Kikubaaqudgha gifted it to you on level 7 of the Dungeon)
  7370 | D:7      | Received a gift from Kikubaaqudgha
  7370 | D:7      | Reached skill level 1 in Transmutations
  7372 | D:7      | Reached XP level 10. HP: 62/63 MP: 12/19
  7414 | D:7      | Found a hazy altar of Hepliaklqana.
  7485 | D:7      | Found a flagged portal.
  7499 | Bailey   | Entered a bailey
  7504 | Bailey   | Noticed an orc warlord
  7866 | Bailey   | Found a runed gate.
  7866 | Bailey   | Found a runed gate.
  7866 | Bailey   | Found a runed gate.
  8100 | D:7      | HP: 3/63 [orc warlord/battleaxe (17)]
  8119 | D:7      | Killed an orc warlord
  8119 | D:7      | Reached skill level 9 in Earth Magic
  8628 | D:8      | Killed RottenKnight's ghost
  9522 | D:8      | Reached **** piety under Kikubaaqudgha
  9545 | D:8      | Reached skill level 5 in Armour
  9800 | D:8      | Found a stormy altar of Qazlal.
  9858 | D:9      | Found a staircase to the Lair.
 10607 | D:9      | Reached XP level 11. HP: 64/68 MP: 18/21
 10742 | D:9      | Found an iron altar of Okawaru.
 11298 | D:10     | Entered Level 10 of the Dungeon
 11465 | Lair:1   | Entered Level 1 of the Lair of Beasts
 11708 | Lair:1   | Noticed a six-headed hydra
 11718 | Lair:1   | Killed a six-headed hydra
 12032 | Lair:1   | Reached skill level 5 in Polearms
 12032 | Lair:1   | Reached skill level 10 in Earth Magic
 12036 | Lair:1   | Reached skill level 5 in Dodging
 12101 | Lair:1   | Noticed sking99's ghost (journeyman HaHu)
 12119 | Lair:1   | Killed sking99's ghost
 12960 | Lair:2   | Reached skill level 1 in Conjurations
 13132 | Lair:2   | Reached ***** piety under Kikubaaqudgha
 13383 | Lair:2   | Reached skill level 5 in Necromancy
 13389 | Lair:2   | Reached XP level 12. HP: 35/76 MP: 7/24
 13684 | Lair:2   | Noticed a seven-headed hydra
 13707 | Lair:2   | Killed a seven-headed hydra
 14744 | Lair:3   | Noticed a four-headed hydra
 14753 | Lair:3   | Killed a four-headed hydra
 14885 | Lair:3   | Reached skill level 10 in Fighting
 15088 | Lair:3   | Reached skill level 5 in Conjurations
 15221 | Lair:3   | Found a staircase to the Snake Pit.
 15229 | Lair:3   | Found a staircase to the Shoals.
 16098 | Lair:4   | Reached skill level 10 in Spellcasting
 16339 | Lair:4   | Learned a level 3 spell: Regeneration
 16507 | Lair:4   | Noticed Sonja
 16528 | Lair:4   | Killed Sonja
 16528 | Lair:4   | Reached XP level 13. HP: 79/82 MP: 9/27
 17329 | Lair:5   | Found a staircase to the Slime Pits.
 18020 | Lair:5   | Got a smelly ring mail
 18031 | Lair:5   | Identified the +4 ring mail "Aqaun" {rPois rF+ Str-5 Int+5} (You found it on level 5 of the Lair of Beasts)
 19123 | Lair:6   | Entered Level 6 of the Lair of Beasts
 22565 | Lair:4   | Reached skill level 10 in Polearms
 22565 | Lair:4   | Gained mutation: Your large and strong wings let you fly indefinitely. [Gargoyle growth]
 22565 | Lair:4   | Reached XP level 14. HP: 54/88 MP: 0/28
 23998 | Lair:6   | Got a heavily runed steel amulet
 24002 | Lair:6   | Identified the amulet "Faodetwy" {Gourm rF+ rC++ MR+} (You found it on level 6 of the Lair of Beasts)
 24566 | D:10     | Reached ****** piety under Kikubaaqudgha
 24997 | D:10     | Found Yruurett's Gadget Emporium.
 25305 | D:10     | Identified a +5 trident of pain (a +3 trident bloodied by Kikubaaqudgha)
 25305 | D:10     | Received a gift from Kikubaaqudgha
 25772 | D:11     | Reached skill level 10 in Necromancy
 25998 | D:11     | Found Lytow's General Store.
 26018 | D:11     | Bought a scroll of enchant weapon for 90 gold pieces
 27077 | D:12     | Noticed Fannar
 27087 | D:12     | Killed Fannar
 27590 | D:12     | Found a staircase to the Orcish Mines.
 28268 | D:12     | Learned a level 5 spell: Agony
 28269 | Orc:1    | Entered Level 1 of the Orcish Mines
 28649 | Orc:1    | Reached XP level 15. HP: 82/92 MP: 13/29
 29080 | Orc:2    | Entered Level 2 of the Orcish Mines
 29534 | Orc:2    | Found a staircase to the Elven Halls.
 30024 | Orc:2    | Found Batowet's Magic Scroll Shop.
 30074 | Orc:2    | Found Yqyi's General Store.
 30501 | Orc:2    | Noticed Josephine
 30600 | Orc:2    | Killed Josephine
 31697 | Orc:2    | Found Miru's Antique Armour Emporium.
 31697 | Orc:2    | Found a one-way gate leading to the halls of Pandemonium.
 31697 | Orc:2    | Found Bofabrinn's Gadget Shoppe.
 31705 | Orc:2    | Bought a pair of distressingly furry boots for 332 gold pieces
 31710 | Orc:2    | Identified the +2 pair of boots "Imekligu" {rPois Stlth+} (You bought it in a shop on level 2 of the Orcish Mines)
 31710 | Orc:2    | Bought a faintly glowing ring mail for 315 gold pieces
 31720 | Orc:2    | Identified the +3 ring mail "Wonit" {rF+} (You bought it in a shop on level 2 of the Orcish Mines)
 32000 | D:13     | Noticed Snorg
 32488 | D:13     | Killed Snorg
 32526 | D:13     | Noticed Azrael
 32550 | D:13     | Killed Azrael
 32585 | D:13     | Noticed Urug
 33022 | D:13     | Killed Urug
 33391 | D:14     | Found a labyrinth entrance.
 33433 | Lab      | Entered a labyrinth
 33704 | Lab      | Identified the Papyrus of Aerial Ice
 33716 | Lab      | Got a warped helmet
 33731 | Lab      | Identified the +2 helmet "Lunefror" {MP+9} (You found it in a labyrinth)
 33736 | Lab      | Got a pitted chain mail
 33750 | Lab      | Identified the cursed +1 chain mail of the Gate {Int+5 SInv} (You found it in a labyrinth)
 33821 | D:14     | Found a gate to the Vaults.
 33922 | D:14     | Reached skill level 1 in Shields
 34223 | D:13     | Reached XP level 16. HP: 96/98 MP: 25/30
 35596 | D:15     | Entered Level 15 of the Dungeon
 36119 | D:15     | Found a staircase to the Depths.
 36367 | D:15     | Reached skill level 11 in Earth Magic
 36905 | Snake:1  | Entered Level 1 of the Snake Pit
 36950 | Snake:1  | Found a white marble altar of Elyvilon.
 37412 | Snake:1  | Identified a scroll of acquirement
 37413 | Snake:1  | Found the +3 pair of gauntlets of War {Slay+5}
 37820 | Snake:2  | Noticed a nagaraja
 37836 | Snake:2  | Killed a nagaraja
 38424 | Snake:2  | Reached XP level 17. HP: 63/104 MP: 16/31
 38661 | Snake:2  | Found Neom's Jewellery Shop.
 38663 | Snake:2  | Found Xocyexkujur's Gadget Shoppe.
 38664 | Snake:2  | Found Oxzaterr's Jewellery Shop.
 38943 | Snake:3  | Reached skill level 12 in Earth Magic
 39106 | Snake:3  | Found Pookhomauxt's Book Boutique.
 39115 | Snake:3  | Bought a book of the Earth for 1235 gold pieces
 39122 | Snake:3  | Learned a level 6 spell: Iron Shot
 39766 | Snake:4  | Entered Level 4 of the Snake Pit
 40094 | Snake:4  | Noticed Bai Suzhen
 40104 | Snake:4  | Killed Bai Suzhen
 40347 | Snake:4  | Reached skill level 13 in Earth Magic
 41792 | Snake:4  | Reached XP level 18. HP: 107/112 MP: 33/33
 42026 | Snake:4  | Reached skill level 14 in Earth Magic
 42488 | Snake:4  | Got a serpentine rune of Zot
 42954 | Shoals:1 | Entered Level 1 of the Shoals
 43089 | Shoals:1 | Found Oxuytaqu's Assorted Antiques.
 43301 | Shoals:1 | Noticed kalagan's ghost (journeyman DEFE)
 43314 | Shoals:1 | Killed kalagan's ghost
 43417 | Shoals:1 | Found Xoelijodu's Armour Emporium.
 43618 | Shoals:1 | Found Dagausef's Antique Weapon Shop.
 43629 | Shoals:1 | Found Ohekkoin's Distillery.
 44863 | Shoals:3 | Found Bepakyum's Armour Emporium.
 44879 | Shoals:3 | Found a flickering gateway to a bazaar.
 44907 | Shoals:3 | Found Ditoig's Gadget Shoppe.
 44928 | Shoals:3 | Found Ryfufe's Gadget Shoppe.
 44982 | Shoals:3 | Found Neucich's Jewellery Shoppe.
 45657 | Shoals:4 | Entered Level 4 of the Shoals
 45711 | Shoals:4 | Reached skill level 15 in Earth Magic
 45788 | Shoals:4 | Got a barnacled rune of Zot
 45879 | Shoals:4 | Noticed Ilsuiw
 45933 | Shoals:4 | Killed Ilsuiw
 46301 | Shoals:4 | Reached XP level 19. HP: 111/116 MP: 35/35
 46338 | Shoals:4 | Noticed Kirke
 46380 | Shoals:4 | Killed Kirke
 46697 | Shoals:4 | Got a fine golden amulet
 47114 | Shoals:4 | Identified the amulet of Xom's Condemnation {Gourm *Slow rElec Int+8 Dex-3} (You found it on level 4 of the Shoals)
 47468 | Lair:1   | Learned a level 5 spell: Bolt of Draining
 47661 | Vaults:1 | Entered Level 1 of the Vaults
 49754 | Vaults:2 | Reached skill level 15 in Necromancy
 49853 | Vaults:2 | Reached skill level 10 in Conjurations
 50298 | Vaults:2 | Found a staircase to the Crypt.
 51416 | Vaults:3 | Reached XP level 20. HP: 112/122 MP: 33/37
 54332 | Vaults:4 | Reached skill level 15 in Spellcasting
 55389 | Lair:1   | Learned a level 4 spell: Animate Dead
 55399 | Lair:1   | Learned a level 9 spell: Shatter
 55402 | Lair:1   | Learned a level 2 spell: Blink
 55673 | Depths:1 | Entered Level 1 of the Depths
 55696 | Depths:1 | Reached skill level 1 in Translocations
 55732 | Depths:1 | Reached XP level 21. HP: 100/127 MP: 38/40
 56358 | Depths:1 | Reached skill level 16 in Earth Magic
 56544 | Depths:1 | Got a jewelled trident
 56545 | Depths:1 | Identified the +4 trident of Eqegets {drain, rPois rN+ Str-4} (You found it on level 1 of the Depths)
 56563 | Depths:1 | Found a one-way gate to the infinite horrors of the Abyss.
 56994 | Depths:1 | Found Ijeg's Demolitions Depot.
 57022 | Depths:1 | Bought a manual of Conjurations for 1876 gold pieces
 57611 | Depths:1 | Found a gateway to Hell.
 57660 | Depths:2 | Found a gateway to a ziggurat.
 58009 | Depths:1 | Reached skill level 17 in Earth Magic
 58550 | Depths:2 | Noticed a juggernaut
 58581 | Depths:2 | Killed a juggernaut
 58732 | Depths:2 | Noticed a juggernaut
 58797 | Depths:2 | Killed a juggernaut
 58856 | Depths:2 | Reached skill level 18 in Earth Magic
 59094 | Depths:2 | Noticed a juggernaut
 59112 | Depths:2 | Killed a juggernaut
 59112 | Depths:2 | Reached XP level 22. HP: 69/132 MP: 19/41
 59234 | Depths:2 | Got an ichor-stained leather armour
 59235 | Depths:2 | Identified the cursed +1 leather armour "Casismu" {Dex+4 Stlth-} (You found it on level 2 of the Depths)
 59313 | Depths:2 | Reached skill level 15 in Conjurations
 60131 | Depths:2 | Noticed a juggernaut
 60170 | Depths:2 | Killed a juggernaut
 60170 | Depths:2 | Reached skill level 19 in Earth Magic
 60934 | Depths:3 | HP: 5/132 [iron troll (19)]
 60948 | Depths:2 | Slain by a deep troll

Skill      XL: |  1  2  3  4  5  6  7  8  9 10 11 12 13 14 15 16 17 18 19 20 21 22 |
---------------+-------------------------------------------------------------------+-----
Fighting       | 1 2 3 4 5 6 7 9 10 11 12 | 12.0
Earth Magic    | 4 5 6 7 8 9 10 11 13 15 18 19 | 19.2
Spellcasting   | 3 4 5 6 7 8 10 11 12 13 15 | 15.0
Polearms       | 1 3 4 5 7 10 12 13 14 | 14.0
Armour         | 2 4 5 7 |  7.0
Dodging        | 2 3 4 5 6 7 |  7.0
Necromancy     | 2 3 5 6 8 10 12 13 14 15 16 | 16.8
Transmutations | 1 2 3 |  3.0
Conjurations   | 2 5 7 10 14 17 | 17.0
Shields        | 1 4 |  4.0
Translocations | 1 2 |  2.0
Stealth        | |  2.1

Action                   |  1- 3 |  4- 6 |  7- 9 | 10-12 | 13-15 | 16-18 | 19-21 | 22-24 || total
-------------------------+-------+-------+-------+-------+-------+-------+-------+-------++-------
Melee: Short sword       |    27 |     1 |       |       |       |       |       |       ||    28
       Dagger            |    33 |       |       |       |       |       |       |       ||    33
       Spear             |       |    58 |   626 |   676 |       |       |       |       ||  1360
       Trident           |       |       |       |   206 |  1414 |  1413 |  1339 |   194 ||  4566
       Demon trident     |       |       |       |       |       |    14 |       |       ||    14
 Cast: Sandblast         |    18 |    34 |    99 |    96 |    93 |     2 |       |       ||   342
       Stone Arrow       |     1 |       |    11 |   166 |   182 |    80 |       |       ||   440
       Animate Skeleton  |       |       |    17 |    63 |   122 |   124 |    92 |     6 ||   424
       Lee's Rapid Decon |       |       |     1 |     8 |   104 |    60 |    90 |    19 ||   282
       Petrify           |       |       |       |     9 |    20 |     4 |       |       ||    33
       Regeneration      |       |       |       |       |     8 |    19 |    17 |     2 ||    46
       Agony             |       |       |       |       |     6 |    13 |       |       ||    19
       Bolt of Draining  |       |       |       |       |       |       |    57 |    12 ||    69
       Iron Shot         |       |       |       |       |       |       |    18 |     5 ||    23
       Animate Dead      |       |       |       |       |       |       |    21 |     9 ||    30
       Blink             |       |       |       |       |       |       |     1 |       ||     1
Invok: Brand Weapon With |       |       |       |       |     1 |       |       |       ||     1
       Receive Corpses   |       |       |       |       |       |       |     6 |     2 ||     8
 Abil: Fly               |       |       |       |       |     1 |       |       |     1 ||     2
       Stop Flying       |       |       |       |       |       |       |       |     1 ||     1
Evoke: Wand              |       |       |       |     4 |     3 |     3 |       |     1 ||    11
  Use: Scroll            |     1 |     2 |    15 |     7 |    12 |    10 |    10 |     1 ||    58
       Potion            |       |       |       |     8 |     1 |       |       |     2 ||    11
 Stab: Sleeping          |     5 |     6 |     3 |     4 |     2 |     6 |     5 |     2 ||    33
       Petrified         |       |       |       |    24 |     9 |     9 |       |       ||    42
       Petrifying        |       |       |       |     2 |     2 |     2 |       |       ||     6
       Distracted        |       |       |       |     5 |     8 |     7 |     9 |     5 ||    34
  Eat: Chunk             |       |     5 |    18 |    28 |    64 |    53 |    47 |     8 ||   223
       Ration            |       |       |       |     2 |     4 |       |       |       ||     6
Armor: Robe              |    31 |    25 |   238 |   234 |    24 |       |       |       ||   552
       Ring mail         |       |       |       |       |   680 |   572 |   436 |    65 ||  1753
Dodge: Dodged            |    59 |    49 |   657 |   842 |   948 |   736 |   537 |    90 ||  3918
       Deflected         |       |       |       |       |       |       |    42 |     4 ||    46
Block: Buckler           |       |       |       |       |       |   169 |   145 |    21 ||   335
